Map: [ESL] Ancient Cistern

Players

Elazer

  • Race: Zerg Zerg

Classic - Winner!

  • Race: Protoss Protoss

Event: IEM Katowice 2023

VOD

Have the link to the VOD?

Description

Time

  • Played on: Feb. 8, 2023, 11:10 a.m.
  • Length: 10:31

All games in this series

Show
View Real Time Build Order
Export as new Build Order

Elazer Zerg 

Build Orders: Hatch First 

Get SALT Encoding   

  12  0:00  Drone  
  13  0:12  Overlord  
  13  0:17  Drone  
  14  0:30  Drone x2  
  16  0:48  Hatchery  
  15  0:51  Drone  
  15  0:55  Drone  
  17  0:58  Drone  
  18  1:09  Extractor  
  17  1:13  Spawning Pool  
  17  1:17  Drone  
  17  1:20  Drone  
  18  1:28  Drone  
  19  1:38  Drone  
  20  1:49  Overlord  
  20  2:00  Queen  
  20  2:01  Queen, Zergling x2  
  23  2:02  Drone  
  26  2:11  Drone, Zergling x2  
  26  2:13  Metabolic Boost  
  28  2:21  Drone  
  28  2:22  Drone  
  30  2:32  Drone  
  30  2:34  Drone  
  30  2:37  Queen  
  34  2:44  Overlord, Drone  
  35  2:53  Hatchery  
  34  2:59  Queen  
  34  3:04  Drone  
  37  3:05  Overlord  
  37  3:06  Drone  
  37  3:10  Drone x2  
  40  3:14  Drone  
  40  3:18  Queen  
  43  3:24  Drone  
  43  3:25  Overlord  
  44  3:29  Drone x2  
  44  3:34  Zergling x2  
  47  3:37  Queen  
  47  3:39  Drone  
  47  3:40  Zergling x2  
  51  3:45  Zergling x6  
  51  3:48  Drone  
  55  3:54  Drone x4  
  59  4:04  Queen  
  59  4:06  Roach Warren  
  59  4:08  Drone  
  61  4:20  Zergling x10  
  66  4:30  Zergling x2  
  65  4:31  Overlord  
  65  4:37  Overlord  
  65  4:38  Overlord  
  65  4:50  Roach x4  
  72  4:57  Roach x2, Zergling x16  
  72  4:58  Queen x2  
  85  5:09  Zergling x10  
  89  5:18  Overlord  
  87  5:25  Zergling x10  
  83  5:30  Queen  
  83  5:31  Zergling x2  
  83  5:32  Zergling x8  
  73  5:45  Drone x6  
  79  5:55  Drone x3  
  82  5:59  Drone  
  82  6:01  Drone x3  
  86  6:06  Drone x2  
  86  6:07  Spore Crawler  
  87  6:14  Drone x4  
  87  6:16  Drone  
  92  6:19  Extractor  
  92  6:24  Drone x2  
  93  6:29  Extractor, Drone x5  
  93  6:30  Lair, Overlord  
  93  6:31  Drone  
  98  6:35  Overlord  
  98  6:40  Overlord, Spore Crawler  
  97  6:47  Evolution Chamber  
  97  6:50  Drone x7  
  103  6:54  Extractor  
  101  7:06  Drone x8  
  109  7:08  Overlord  
  109  7:09  Extractor  
  109  7:13  Zergling x6  
  109  7:15  Overlord  
  110  7:20  Zerg Melee Weapons Level 1  
  110  7:21  Baneling Nest, Zergling x4  
  111  7:24  Queen x2  
  111  7:28  Zergling x2  
  111  7:29  Zergling x10  
  120  7:34  Zergling x2  
  120  7:35  Zergling x2  
  120  7:43  Zergling x10  
  117  7:47  Zergling x4  
  110  7:54  Zergling x2  
  110  7:57  Zergling x2  
  110  7:58  Zergling x12  
  107  8:05  Overlord  
  103  8:09  Infestation Pit  
  96  8:14  Drone x6  
  102  8:23  Drone  
  102  8:24  Hatchery  
  102  8:25  Centrifugal Hooks  
  102  8:30  Drone x7  
  111  8:34  Drone x3  
  111  8:40  Drone x2  
  113  8:46  Overlord, Extractor  
  112  8:49  Hive  
  112  8:52  Roach x2  
  112  8:53  Roach x5  
  112  8:55  Glial Reconstitution  
  123  9:07  Drone x2  
  123  9:08  Roach x4  
  133  9:10  Overlord  
  133  9:19  Drone x3  
  136  9:33  Drone x5  
  136  9:36  Ravager x2  
  136  9:38  Drone x5  
  148  9:42  Zergling x4  
  148  9:47  Baneling x24  
  148  9:51  Roach x2  
  152  9:56  Roach x4  
  152  9:59  Roach  
  154  10:11  Roach x5  
Show
View Real Time Build Order
Export as new Build Order

Classic Protoss - Winner!

Build Orders: 1 Gate Expand, Mass Adepts 

Get SALT Encoding   

  12  0:00  Probe  
  13  0:13  Pylon  
  13  0:18  Probe (Chrono Boost)  
  15  0:30  Probe (Chrono Boost)  
  15  0:35  Probe (Chrono Boost)  
  15  0:41  Gateway  
  16  0:44  Probe  
  17  0:50  Assimilator  
  17  0:56  Probe  
  18  1:08  Probe  
  19  1:20  Probe  
  20  1:27  Nexus  
  20  1:32  Probe  
  20  1:39  Cybernetics Core  
  21  1:45  Probe  
  22  1:48  Assimilator  
  22  1:54  Pylon  
  22  1:58  Probe  
  23  2:12  Probe  
  23  2:13  Adept (Chrono Boost)  
  24  2:19  Twilight Council  
  26  2:24  Probe  
  26  2:27  Warp Gate  
  27  2:35  Stalker  
  29  2:38  Probe (Chrono Boost)  
  29  2:39  Probe (Chrono Boost)  
  31  2:48  Probe (Chrono Boost)  
  31  2:49  Probe (Chrono Boost)  
  33  2:53  Probe (Chrono Boost)  
  33  2:54  Probe (Chrono Boost)  
  35  3:02  Robotics Facility  
  36  3:09  Gateway  
  36  3:10  Adept  
  37  3:15  Gateway  
  37  3:19  Resonating Glaives (Chrono Boost)  
  37  3:21  Gateway  
  37  3:28  Probe x2  
  39  3:40  Probe, Adept  
  39  3:41  Probe  
  43  3:46  Warp Prism (Chrono Boost)  
  43  3:50  Pylon  
  43  3:53  Probe  
  43  3:55  Pylon  
  46  4:02  Assimilator  
  46  4:09  Probe x2  
  48  4:15  Adept x3  
  54  4:18  Adept  
  54  4:20  Pylon  
  56  4:30  Probe x2  
  58  4:32  Pylon  
  58  4:42  Adept x4  
  58  4:44  Probe x2  
  68  4:47  Pylon  
  68  5:02  Robotics Bay  
  68  5:03  Adept x3  
  74  5:12  Probe x2  
  76  5:14  Assimilator  
  76  5:21  Pylon  
  76  5:27  Adept x4  
  70  5:38  Nexus  
  64  5:48  Pylon, Disruptor (Chrono Boost)  
  62  5:52  Gravitic Drive  
  55  5:58  Adept x3  
  55  5:59  Adept  
  55  6:02  Pylon  
  63  6:13  Disruptor (Chrono Boost)  
  66  6:20  Adept x2  
  66  6:21  Adept x2  
  66  6:23  Probe  
  66  6:24  Probe  
  76  6:33  Shield Battery  
  76  6:36  Probe x2  
  76  6:39  Warp Prism (Chrono Boost)  
  80  6:48  Probe x2  
  80  6:53  Probe  
  83  6:57  Adept x4  
  83  7:00  Probe x2  
  93  7:04  Observer (Chrono Boost)  
  93  7:05  Probe  
  95  7:12  Probe x2  
  97  7:17  Probe  
  97  7:19  Pylon  
  97  7:22  Adept x4  
  106  7:26  Forge  
  106  7:31  Colossus (Chrono Boost)  
  94  7:46  Probe  
  94  7:47  Probe x2  
  89  7:54  Extended Thermal Lance  
  89  7:55  Stalker x4  
  89  7:56  Protoss Ground Weapons Level 1 (Chrono Boost), Assimilator  
  89  7:58  Assimilator  
  97  8:02  Probe x2  
  93  8:09  Pylon  
  87  8:12  Gateway  
  87  8:15  Gateway  
  87  8:20  Colossus (Chrono Boost)  
  87  8:23  Sentry x2  
  97  8:29  Gateway  
  97  8:30  Stalker x2  
  97  8:33  Gateway  
  101  8:46  Photon Cannon  
  101  8:48  Nexus  
  101  8:49  Pylon  
  101  8:56  Colossus (Chrono Boost)  
  107  9:05  Sentry x2, Stalker x2  
  107  9:09  Stalker x2  
  119  9:16  Pylon  
  119  9:29  Stalker x5  
  129  9:43  Stalker x3  
  135  9:47  Pylon  
  135  9:48  Pylon  
  135  9:56  Stalker x3  
  135  9:57  Stalker  
  143  10:00  Stalker  
  117  10:17  Stalker x3  
  111  10:21  Stalker x3  
  111  10:22  Stalker  
  111  10:25  Stalker  

Tags
 
Add a new tag
Caveats
  • Supply blocks, unpowered buildings, or Contaminate may cause inaccurate times.
  • Supply counts are checked every 10 seconds.